 Dungeon Crawl Stone Soup version 0.18.1-8-gdd0e5ea (webtiles) character file.

37293 Ijustatesigmund the Covert (level 13, -5/68 HPs)
             Began as a Spriggan Assassin on May 22, 2016.
             Was a High Priest of Dithmenos.
             Hit by a large rock thrown by a cyclops (40 damage)
             ... on level 9 of the Dungeon.
             The game lasted 01:21:11 (20836 turns).

Ijustatesigmund the Covert (Spriggan Assassin)     Turns: 20836, Time: 01:21:12

Health: -5/68      AC:  8    Str: 12    XL:     13   Next: 57%
Magic:  20/20      EV: 32    Int: 12    God:    Dithmenos [*****.]
Gold:   195        SH: 14    Dex: 23    Spells: 4 memorised, 3 levels left

rFire  . . .     SeeInvis +     b - +2 blowgun
rCold  + + .     Gourm    .     S - +2 robe {rC+}
rNeg   . . .     Faith    .     M - +3 buckler
rPois  .         Spirit   .     D - +2 hat
rElec  .         Dismiss  .     y - +1 cloak of Luhu {Str+5}
rCorr  +         Reflect  +     (gloves unavailable)
SustAt +         Harm     .     (boots unavailable)
MR     ++...                    U - +3 amulet of reflection (curse)
Stlth  ++++++++++               l - ring of resist corrosion
                                v - ring of sustain attributes

@: wreathed by umbra, studying Summonings, very quick, very resistant to hostile
enchantments, uncannily stealthy
A: unfitting armour, see invisible, blink, cold resistance 1, herbivore 3, speed
3, sense surroundings 1, slow metabolism 2
a: Blink, Shadow Step, Shadow Form, Renounce Religion


You were on level 9 of the Dungeon.
You worshipped Dithmenos.
Dithmenos was extremely pleased with you.
You were hungry.

You visited 3 branches of the dungeon, and saw 21 of its levels.
You also visited: Bailey.

You collected 1093 gold pieces.
You spent 898 gold pieces at shops.

Inventory:

Hand Weapons
 a - a +9 dagger
 b - a +2 blowgun (weapon)
Missiles
 e - a throwing net
 t - 23 poisoned needles (quivered)
Armour
 y - the +1 cloak of Luhu (worn) {Str+5}
   (You found it on level 7 of the Dungeon)

   It affects your strength (+5).
 D - a +2 hat (worn)
 M - a +3 buckler (worn)
 N - the +1 robe "Furuozac" {-Cast rF- rC+++ rCorr}
   (You took it off an orc on level 12 of the Dungeon)

   It makes you vulnerable to fire.
   It renders you almost immune to cold.
   It prevents spellcasting.
   It protects you from acid and corrosion.
 S - a +2 robe of cold resistance (worn)
Jewellery
 j - an uncursed ring of magical power
 l - a ring of resist corrosion (right hand)
 v - a ring of sustain attributes (left hand)
 U - a cursed +3 amulet of reflection (around neck)
 V - the ring "Keragu" {rCorr Dex+5, unknown}
   (You found it on level 10 of the Dungeon)

   [ring of resist corrosion]

   It affects your dexterity (+5).
Wands
 z - a wand of iceblast (3/15)
 A - a wand of polymorph (10/24)
 E - a wand of slowing (35/48)
 H - a wand of digging (15/24)
 I - a wand of lightning (6/15)
 J - a wand of paralysis (8/24)
 R - a wand of lightning (5/15)
 T - a wand of iceblast (10/15)
Scrolls
 c - a scroll of magic mapping
 u - 2 scrolls of amnesia
 w - a scroll of recharging
 B - 2 scrolls of remove curse
 C - 2 scrolls of blinking
 F - 3 scrolls of teleportation
 Y - 5 scrolls of identify
Potions
 d - a potion of magic
 h - 3 potions of brilliance
 k - 6 potions of curing
 m - a potion of cancellation
 o - 2 potions of lignification
 q - 2 potions of haste
 r - 4 potions of agility
 s - a potion of cure mutation
 x - 3 potions of resistance
 P - a potion of might
 Q - 2 potions of flight
 X - a potion of ambrosia
Books
 n - a book of Battle

   Spells                             Type                      Level
   a - Infusion                       Charms                       1
   b - Shroud of Golubria             Charms/Translocation         2
   c - Song of Slaying                Charms                       2
   d - Spectral Weapon                Hexes/Charms                 3
   e - Regeneration                   Charms/Necromancy            3
 G - a manual of Summonings
Comestibles
 g - 6 bread rations
 p - 21 fruits
 L - 9 royal jellies


   Skills:
 - Level 8.1 Fighting
 - Level 11.6 Short Blades
 - Level 7.3 Throwing
 - Level 12.7 Dodging
 - Level 14.0 Stealth
 - Level 3.0 Shields
 + Level 5.3 Charms
 + Level 4.4 Summonings
 + Level 5.4 Translocations
 + Level 3.6 Air Magic
 - Level 9.1 Invocations


You had 3 spell levels left.
You knew the following spells:

 Your Spells              Type           Power        Failure   Level  Hunger
a - Blink                 Tloc           N/A          10%         2    ###....
b - Call Imp              Summ           ##......     14%         2    ###....
c - Repel Missiles        Chrm/Air       ##....       14%         2    ###....
d - Mephitic Cloud        Conj/Pois/Air  #.......     83%         3    ####...


Dungeon Overview and Level Annotations

Branches:
Dungeon (15/15)            Temple (1/1) D:7            Lair (5/8) D:11
 Spider (0/4) Lair:3          Orc (0/2) D:11         Vaults (0/5) D:14
  Swamp: Lair:3-6    Shoals: Lair:3-6    Depths: D:15

Altars:
Ashenzari
Cheibriados
Dithmenos
Elyvilon
Fedhas
Gozag
Kikubaaqudgha
Makhleb
Nemelex Xobeh
Okawaru
Pakellas
Qazlal
Ru
Sif Muna
Trog
Vehumet
Xom
Yredelemnul
Zin
The Shining One

Shops:
D:6 :   D:10 ?   D:15 =?[**

Annotations:
D:5 Uhlv's ghost, novice TrSk
D:11 Nergalle; Sonja
D:13 Josephine
Lair:1 Wooh's ghost, novice TrWr


Innate Abilities, Weirdness & Mutations

You are tiny and cannot use many weapons and most armour.
You have supernaturally acute eyesight.
You are a herbivore.
You cover ground extremely quickly.
You need consume almost no food.
You can translocate small distances at will.
Your flesh is cold resistant.
You passively map a small area around you.


Message History

You shoot a curare-tipped needle.
The curare-tipped needle hits the cyclops.
The cyclops is poisoned.
The cyclops convulses.
The cyclops seems to slow down.
The cyclops is heavily wounded.
Firing (i - inventory. (,) - cycle):
i - a curare-tipped needle (quivered)
Press: ? - help, Shift-Dir - straight line, f/p - cyclops
Aim: a cyclops (severely wounded, slow, poisoned, umbra)
You shoot a curare-tipped needle.
The curare-tipped needle hits the cyclops.
The cyclops looks even sicker.
The cyclops convulses.
The cyclops seems to be slow for longer.
The cyclops is severely wounded.
Firing (i - inventory. (,) - cycle):
t - 24 poisoned needles (quivered)
Press: ? - help, Shift-Dir - straight line, f/p - cyclops
Aim: a cyclops (almost dead, slow, poisoned, umbra)
You shoot a poisoned needle. The poisoned needle hits the cyclops!
The cyclops is almost dead.
The cyclops throws a large rock.
The large rock hits you!!!
Ouch! That really hurt!
You die...

.#.#..##.##..#...#
.#.#............##
.#.#.###.#......#**
.#.#.#...)C.<.....#
.#.#.#.##C#########
.#.#.#..(.o.o..(.#
.#.#.#..(.######C#
.#.#.#.##.# #)#
.#......#.# #@#
...#.#..#.# #.#
.#.#.#..#.# #.#
.#.#.#..#.# #.#
.#.#.#..#.# #.#
.#.#.#..#.# #.#
.#.#.#..#.# #.#
.#.#.#..#.# #.#
.#.#.#***,* #.#


You could see a cyclops.

Vanquished Creatures
  Frances (D:13)
  Maud (Lair:4)
  Nessos (D:13)
  Fannar (D:11)
  4 centaur warriors
  A catoblepas (D:13)
  A tengu warrior (D:15)
  3 unseen horrors
  Pikel (D:4)
  5 hill giants
  An ugly thing (D:13)
  2 deep elf magi
  3 cyclopes
  2 griffons
  2 manticores (D:14)
  3 elephants
  6 centaur zombies
  2 black mambas
  3 spiny frogs
  2 centaur skeletons
  A kobold demonologist (D:13)
  An efreet (D:15)
  A tengu conjurer (D:9)
  5 trolls
  A queen bee (D:9)
  3 blink frogs (Lair:4)
  A slime creature (D:14)
  A vampire (D:12)
  A shadow (D:15)
  14 yaks
  3 wyverns
  8 hippogriffs
  3 hungry ghosts
  A mottled dragon (D:14)
  3 vampire mosquitoes (D:14)
  Edmund (D:4)
  9 water moccasins
  A warg (D:11)
  Duvessa (D:7)
  2 soldier ants
  2 porcupines (Lair:4)
  A black bear (D:8)
  12 orc warriors
  2 ice beasts (D:5)
  A necrophage (D:10)
  2 sky beasts
  6 centaurs
  6 ogres
  A phantom (D:12)
  4 wolves (Lair:4)
  4 crocodiles
  10 giant frogs
  3 big kobolds
  2 gnoll sergeants
  4 scorpions
  Dowan (D:7)
  A water moccasin skeleton (D:9)
  14 killer bees (D:9)
  9 wights
  6 howler monkeys
  An electric eel (D:10)
  A crimson imp (D:14)
  A wasp zombie (D:13)
  3 quasits
  A giant frog zombie (D:7)
  5 hounds
  9 orc wizards
  2 giant frog skeletons (D:9)
  2 jellies
  6 orc priests
  10 iguanas
  10 worker ants
  A hound zombie (D:9)
  A hound skeleton (D:6)
  A howler monkey zombie (D:9)
  2 worker ant zombies (D:10)
  A howler monkey skeleton (D:8)
  13 gnolls
  9 adders
  34 river rats
  6 shadow imps
  A white imp (D:5)
  An ooze (D:4)
  2 adder zombies
  3 worms
  5 dart slugs
  6 giant geckos
  47 orcs
  8 bats
  6 giant cockroaches
  3 goblins
  4 hobgoblins
  6 jackals
  12 kobolds
  6 quokkas
  A ball python (D:5)
  7 giant newts
  A quokka skeleton (D:6)
  2 quokka zombies
  8 rats
445 creatures vanquished.

Vanquished Creatures (others)
  A hippogriff (D:4)
  4 slaves (D:4)
  An orc wizard (D:4)
  An adder skeleton (D:4)
  2 orcs (D:4)
  3 fungi (Lair:3)
  2 plants (Lair:3)
14 creatures vanquished.

Grand Total: 459 creatures vanquished

Notes
Turn   | Place    | Note
--------------------------------------------------------------
     0 | D:1      | Ijustatesigmund the Spriggan Assassin began the quest for the Orb.
     0 | D:1      | Reached XP level 1. HP: 10/10 MP: 2/2
   198 | D:1      | Reached skill level 6 in Stealth
   198 | D:1      | Reached XP level 2. HP: 15/15 MP: 3/3
   490 | D:1      | Reached XP level 3. HP: 15/18 MP: 4/4
   963 | D:2      | Reached XP level 4. HP: 23/23 MP: 5/5
  1498 | D:3      | Found a sparkling altar of Nemelex Xobeh.
  1604 | D:3      | Found a faded altar to an unknown god.
  1706 | D:3      | Reached skill level 7 in Stealth
  1789 | D:3      | Reached XP level 5. HP: 27/27 MP: 6/6
  2137 | D:3      | Noticed a hippogriff
  2195 | D:3      | Killed a hippogriff
  2195 | D:3      | Reached XP level 6. HP: 19/32 MP: 7/7
  2619 | D:4      | Found a burning altar of Makhleb.
  3061 | D:4      | Noticed a slave
  3062 | D:4      | Noticed a slave
  3063 | D:4      | Noticed Pikel
  3064 | D:4      | Noticed a slave
  3068 | D:4      | Noticed a slave
  3088 | D:5      | Entered Level 5 of the Dungeon
  3137 | D:4      | Noticed Edmund
  3141 | D:4      | Killed Edmund
  3141 | D:4      | Reached skill level 5 in Short Blades
  3141 | D:4      | Reached skill level 8 in Stealth
  3165 | D:4      | Killed Pikel
  3165 | D:4      | Reached skill level 9 in Stealth
  3165 | D:4      | Reached XP level 7. HP: 35/35 MP: 8/8
  3335 | D:4      | Reached XP level 8. HP: 39/39 MP: 9/9
  3381 | D:4      | Reached skill level 5 in Dodging
  3381 | D:4      | Reached skill level 10 in Stealth
  3739 | D:5      | Found a sacrificial altar of Ru.
  3759 | D:5      | Noticed Uhlv's ghost (novice TrSk)
  4755 | D:5      | Reached skill level 11 in Stealth
  6116 | D:6      | Found a deep blue altar of Sif Muna.
  6126 | D:6      | Found a glowing silver altar of Zin.
  6507 | D:6      | Found Dotzarphe's Book Emporium.
  6553 | D:6      | Reached XP level 9. HP: 43/43 MP: 10/10
  6892 | D:7      | Found a staircase to the Ecumenical Temple.
  7190 | D:7      | Got a heavily runed cloak
  7201 | D:7      | Identified the +1 cloak of Luhu {Str+5} (You found it on level 7 of the Dungeon)
  7288 | D:7      | Noticed Duvessa
  7288 | D:7      | Noticed Dowan
  7351 | Temple   | Entered the Ecumenical Temple
  7562 | Temple   | Became a worshipper of Dithmenos the Shadowed
  7777 | D:7      | Killed Dowan
  7887 | D:7      | Killed Duvessa
  7887 | D:7      | Reached skill level 5 in Throwing
  8219 | D:8      | Found a shimmering altar of Xom.
  8458 | D:8      | Reached skill level 1 in Invocations
  8600 | D:9      | Found a flagged portal.
  8650 | D:9      | Noticed a troll
  8652 | D:9      | Killed a troll
  8740 | Bailey   | Entered a bailey
  9359 | Bailey   | Reached * piety under Dithmenos
  9383 | Bailey   | Noticed an orc knight
  9582 | D:9      | Reached XP level 10. HP: 38/49 MP: 13/13
  9617 | D:9      | Noticed a cyclops
  9677 | D:9      | Noticed a centaur warrior
  9681 | D:9      | Noticed a deep elf mage
  9925 | D:10     | Entered Level 10 of the Dungeon
 10137 | D:10     | You fall through a shaft for 2 floors!
 10172 | D:12     | Noticed an unseen horror
 10216 | D:11     | Found a staircase to the Orcish Mines.
 10222 | D:11     | Noticed a cyclops
 10254 | D:11     | Noticed Nergalle
 10262 | D:11     | Found a staircase to the Lair.
 10263 | D:11     | Noticed an elephant
 10265 | D:11     | Killed an elephant
 10303 | D:11     | Noticed Fannar
 10328 | Lair:1   | Entered Level 1 of the Lair of Beasts
 10340 | Lair:1   | Noticed a spiny frog
 10347 | Lair:1   | Killed a spiny frog
 10391 | Lair:1   | Noticed an elephant
 10392 | Lair:1   | Noticed Wooh's ghost (novice TrWr)
 10393 | Lair:1   | Noticed an elephant
 10394 | Lair:1   | Noticed an elephant
 10401 | Lair:1   | Noticed an elephant
 10406 | Lair:1   | Noticed an elephant
 10453 | Lair:2   | Reached ** piety under Dithmenos
 10544 | Lair:2   | Reached skill level 12 in Stealth
 10555 | Lair:2   | Noticed a black mamba
 10562 | Lair:2   | Killed a black mamba
 10562 | Lair:2   | Reached skill level 10 in Short Blades
 10676 | Lair:2   | Found a shadowy altar of Dithmenos.
 10801 | Lair:2   | Reached skill level 5 in Fighting
 11032 | Lair:2   | Noticed a spiny frog
 11033 | Lair:2   | Killed a spiny frog
 11033 | Lair:2   | Reached skill level 13 in Stealth
 11119 | Lair:2   | Reached XP level 11. HP: 47/56 MP: 15/15
 11954 | Lair:4   | Noticed Maud
 12228 | Lair:4   | Killed Maud
 12232 | Lair:4   | Identified a scroll of acquirement
 12490 | Lair:3   | Found a hole to the Spider Nest.
 12706 | Lair:4   | Reached skill level 14 in Stealth
 13075 | Lair:4   | Reached *** piety under Dithmenos
 13110 | Lair:4   | Noticed a griffon
 13117 | Lair:4   | Killed a griffon
 13117 | Lair:4   | Reached skill level 5 in Invocations
 14690 | D:12     | Killed an unseen horror
 14690 | D:12     | Reached skill level 1 in Shields
 14920 | D:12     | Got a faintly glowing robe
 14933 | D:12     | Identified the +1 robe "Furuozac" {-Cast rF- rC+++ rCorr} (You took it off an orc on level 12 of the Dungeon)
 15485 | D:13     | Noticed Josephine
 15579 | D:13     | Noticed a centaur warrior
 15580 | D:13     | Noticed a catoblepas
 15600 | D:12     | Killed a centaur warrior
 15600 | D:12     | Reached XP level 12. HP: 33/62 MP: 17/17
 15685 | D:13     | Noticed Frances
 15687 | D:13     | Killed Frances
 15687 | D:13     | Reached skill level 10 in Dodging
 15991 | D:13     | Reached **** piety under Dithmenos
 16016 | D:13     | Noticed Nessos
 16036 | D:13     | Killed Nessos
 16453 | D:13     | Killed a catoblepas
 17204 | D:14     | Found a stormy altar of Qazlal.
 17389 | D:14     | Noticed a centaur warrior
 17390 | D:14     | Noticed a centaur warrior
 17401 | D:14     | Noticed a vault guard
 17405 | D:14     | Killed a centaur warrior
 17727 | D:14     | Killed a centaur warrior
 17727 | D:14     | Reached XP level 13. HP: 45/68 MP: 20/20
 17920 | D:14     | Found a gate to the Vaults.
 18195 | D:15     | Entered Level 15 of the Dungeon
 18213 | D:15     | Found Tuymnusk's Armour Boutique.
 18221 | D:15     | Found Fistovon's Assorted Antiques.
 18229 | D:15     | Bought a scroll labeled LATE OPHYROADO for 31 gold pieces
 18229 | D:15     | Bought a glowing white potion for 27 gold pieces
 18229 | D:15     | Bought a gold wand for 124 gold pieces
 18229 | D:15     | Bought 2 lumpy orange potions for 55 gold pieces
 18229 | D:15     | Bought a wand of lightning for 124 gold pieces
 18254 | D:15     | Found Ajysues's General Store.
 18262 | D:15     | Bought a potion of degeneration for 14 gold pieces
 18262 | D:15     | Bought a scroll of fog for 28 gold pieces
 18262 | D:15     | Bought a scroll of enchant weapon for 105 gold pieces
 18290 | D:15     | Learned a level 2 spell: Blink
 18293 | D:15     | Learned a level 2 spell: Call Imp
 18296 | D:15     | Learned a level 2 spell: Repel Missiles
 18379 | D:15     | Reached skill level 1 in Translocations
 18444 | D:15     | Reached skill level 1 in Charms
 18444 | D:15     | Reached skill level 1 in Summonings
 18444 | D:15     | Reached skill level 1 in Air Magic
 18554 | D:15     | Found Gycsorai's Magic Scroll Emporium.
 18557 | D:15     | Bought a scroll of identify for 32 gold pieces
 18557 | D:15     | Bought a scroll of identify for 32 gold pieces
 18557 | D:15     | Bought a scroll of identify for 32 gold pieces
 18557 | D:15     | Bought a scroll of identify for 32 gold pieces
 18577 | D:15     | Noticed an ettin
 18599 | D:15     | Found Saphesuc's Jewellery Shoppe.
 18849 | D:11     | Killed Fannar
 19277 | D:11     | Noticed Sonja
 19596 | D:10     | Got a fine bronze ring
 19806 | D:10     | Found Cel Ostru's Magic Scroll Boutique.
 19811 | D:10     | Bought 3 scrolls of identify for 90 gold pieces
 19811 | D:10     | Bought a scroll of identify for 30 gold pieces
 19811 | D:10     | Bought a scroll of enchant weapon for 112 gold pieces
 19811 | D:10     | Bought a scroll of identify for 30 gold pieces
 19813 | D:10     | Gained mutation: You occasionally shout uncontrollably at your foes. [potion of mutation]
 19813 | D:10     | Gained mutation: Your spells are a little harder to cast, but a little more powerful. [potion of mutation]
 19813 | D:10     | Gained mutation: Your mind is acute. (Int +2) [potion of mutation]
 19814 | D:10     | Lost mutation: Your spells are a little harder to cast, but a little more powerful. [potion of cure mutation]
 19814 | D:10     | Lost mutation: Your mind is acute. (Int +2) [potion of cure mutation]
 19814 | D:10     | Lost mutation: You occasionally shout uncontrollably at your foes. [potion of cure mutation]
 19815 | D:10     | Gained mutation: Your flesh is cold resistant. [potion of mutation]
 19815 | D:10     | Gained mutation: You can translocate small distances at will. [potion of mutation]
 19815 | D:10     | Gained mutation: You passively map a small area around you. [potion of mutation]
 19977 | D:9      | Reached ***** piety under Dithmenos
 20278 | D:9      | Reached skill level 5 in Translocations
 20433 | D:9      | Learned a level 3 spell: Mephitic Cloud
 20507 | D:9      | Reached skill level 5 in Charms
 20836 | D:9      | Hit by a large rock thrown by a cyclops

Skill      XL: |  1  2  3  4  5  6  7  8  9 10 11 12 13 |
---------------+----------------------------------------+-----
Fighting       | 2 4 5 6 7 8 |  8.1
Stealth        | 6 7 9 11 13 14 | 14.0
Short Blades   | 3 4 6 7 8 10 11 | 11.6
Throwing       | 3 4 6 7 |  7.3
Dodging        | 4 7 8 9 12 | 12.7
Invocations    | 3 4 6 9 |  9.1
Shields        | 1 3 |  3.0
Translocations | 5 |  5.4
Charms         | 5 |  5.3
Summonings     | 4 |  4.4
Air Magic      | 3 |  3.6

Action                   |  1- 3 |  4- 6 |  7- 9 | 10-12 | 13-15 || total
-------------------------+-------+-------+-------+-------+-------++-------
Melee: Dagger            |    73 |    84 |   411 |  1198 |   604 ||  2370
 Fire: Blowgun           |     9 |    31 |   160 |    27 |     6 ||   233
Invok: Shadow Step       |       |       |       |     1 |     2 ||     3
Evoke: Wand              |       |       |       |     4 |       ||     4
  Use: Scroll            |       |     7 |    13 |    21 |    15 ||    56
       Potion            |       |       |     4 |     7 |     4 ||    15
 Stab: Sleeping          |    15 |    26 |    29 |    56 |    22 ||   148
       Distracted        |       |     1 |     2 |    16 |     3 ||    22
       Paralysed         |       |       |       |     2 |       ||     2
       Petrified         |       |       |       |     1 |       ||     1
  Eat: Bread ration      |       |       |     1 |       |       ||     1
       Royal jelly       |       |       |     1 |       |       ||     1
       Fruit             |       |       |       |     6 |     4 ||    10
       Pizza             |       |       |       |     1 |       ||     1
Armor: Robe              |     6 |     8 |    38 |    52 |     9 ||   113
Dodge: Dodged            |    43 |    57 |   297 |   811 |   265 ||  1473
Block: Buckler           |       |       |       |   145 |   247 ||   392
       Reflection        |       |       |       |       |     3 ||     3
